 Dungeon Crawl Stone Soup version 0.30-a0-778-g2ef04afb54 (webtiles) character file.

Game seed: 7226346446611390781

8014 epen the Blocker (level 11, 0/82 HPs)
             Began as a Gnoll Wanderer on Feb 16, 2023.
             Was a High Priest of Cheibriados.
             Slain by a freezing wraith (10 damage)
             ... on level 10 of the Dungeon.
             The game lasted 00:14:38 (10085 turns).

epen the Blocker (Gnoll Wanderer)                  Turns: 10085, Time: 00:14:38

Health: 0/82       AC: 15    Str: 20    XL:     11   Next: 24%
Magic:  23/23      EV: 15    Int: 27    God:    Cheibriados [*****.]
Gold:   644        SH: 10    Dex: 28    Spells: 22/26 levels left

rFire   . . .      SeeInvis .    i - +3 trident (venom)
rCold   . . .      Faith    .    e - +2 buckler
rNeg    . . .      Spirit   .    A - +3 scale mail of a sewer {Will+}
rPois   .          Reflect  .    g - +1 helmet
rElec   .          Harm     .    (no cloak)
rCorr   .          Rampage  .    Q - +0 pair of gloves
Will    ++...                    P - +0 pair of boots
Stlth   +++                      (no amulet)
HPRegen 0.33/turn                t - ring of willpower
MPRegen 0.18/turn                (no ring)

@: slowed, very slow
A: fangs 1, strong nose, distributed training
a: Renounce Religion, Bend Time, Temporal Distortion, Slouch, Step From Time


You were on level 10 of the Dungeon.
You worshipped Cheibriados.
Cheibriados was extremely pleased with you.
You visited 1 branch of the dungeon, and saw 10 of its levels.
You also visited: Sewer.

You collected 644 gold pieces.

Inventory:

Hand Weapons
 a - a +0 dagger
 f - a +1 dagger of venom
 i - a +3 trident of venom (weapon)
 r - a +2 short sword of draining
Missiles
 G - a throwing net
Armour
 b - a +0 helmet
 d - a +0 robe
 e - a +2 buckler (worn)
 g - a +1 helmet (worn)
 A - the +3 scale mail of a sewer (worn) {Will+}
   (You found it on level 6 of the Dungeon)

   Will:      It increases your willpower.
 H - +0 steam dragon scales
 P - a +0 pair of boots (worn)
 Q - a +0 pair of gloves (worn)
Jewellery
 o - an amulet of faith
 t - a ring of willpower (left hand)
 E - a ring of ice
 M - a ring of fire
Wands
 j - a wand of flame (39)
 y - a wand of paralysis (17)
 J - a wand of polymorph (9)
 K - a wand of digging (4)
Scrolls
 c - 6 scrolls of teleportation
 h - a scroll of vulnerability
 l - 2 scrolls of noise
 z - 3 scrolls of enchant weapon
 B - a scroll of enchant armour
 I - a scroll of blinking
Potions
 k - 2 potions of haste
 m - a potion of resistance
 n - 4 potions of curing
 p - 3 potions of lignification
 q - 2 potions of mutation
 s - 2 potions of brilliance
 u - 2 potions of invisibility
 v - 2 potions of might {unknown}
 x - a potion of cancellation {unknown}
 C - 3 potions of magic
 D - 2 potions of heal wounds
 F - a potion of attraction {unknown}
 L - a potion of ambrosia {unknown}
 O - a potion of berserk rage {unknown}
Miscellaneous
 w - a lightning rod (inert)


   Skills:
 + Level 6.3 Fighting
 + Level 6.3 Short Blades
 + Level 6.3 Long Blades
 + Level 6.3 Axes
 + Level 6.3 Maces & Flails
 + Level 6.3 Polearms
 + Level 6.3 Staves
 + Level 6.3 Ranged Weapons
 + Level 6.3 Throwing
 + Level 6.9 Armour
 + Level 6.9 Dodging
 + Level 6.3 Stealth
 + Level 9.2 Shields
 + Level 6.3 Unarmed Combat
 + Level 8.1 Spellcasting
 + Level 5.2 Conjurations
 + Level 5.2 Hexes
 + Level 5.2 Summonings
 + Level 5.2 Necromancy
 + Level 5.2 Translocations
 + Level 5.2 Transmutations
 + Level 5.2 Fire Magic
 + Level 7.7 Ice Magic
 + Level 5.2 Air Magic
 + Level 5.2 Earth Magic
 + Level 5.2 Poison Magic
 + Level 6.9 Invocations
 + Level 6.3 Evocations


You had 22 spell levels left.
You knew the following spells:

 Your Spells              Type           Power      Damage    Failure   Level
a - Freeze                Ice            100%       1d10      1%          1
b - Frozen Ramparts       Ice            100%       1d16      2%          3

Your spell library contained the following spells:

 Spells                   Type           Power      Damage    Failure   Level
 Blink                    Tloc           78%        N/A       3%          2
 Cigotuvi's Dreadful Rot  Necr/Pois/Air  78%        N/A       3%          2
 Lesser Beckoning         Tloc           78%        N/A       3%          2
 Momentum Strike          Conj/Tloc      78%        3d10      3%          2
 Anguish                  Hex/Necr       19%        N/A       19%         4
 Dispel Undead            Necr           39%        3d16      19%         4
 Death Channel            Necr           19%        N/A       96%         6
 Enfeeble                 Hex            19%        N/A       100%        7


Dungeon Overview and Level Annotations

Branches:
Dungeon (10/15)            Temple (0/1) D:5            Lair (0/5) D:10
    Orc (0/2) D:10          Sewer (visited)

Altars:
Cheibriados
Makhleb
Nemelex Xobeh
Qazlal
Sif Muna
Trog

Shops:
D:5 (   D:10 [

Annotations:
D:4 3 runed translucent doors, CaliBri's ghost, amateur DsGl
D:5 1 runed translucent door, adozu's ghost, novice DrVM


Innate Abilities, Weirdness & Mutations

You have very sharp teeth.
Your uncanny sense of smell can sniff out nearby items.
Your experience applies equally to all skills.


Message History

The freezing wraith freezes you!
The freezing wraith completely misses you.
You are too injured to fight recklessly!
You are too injured to fight recklessly!
You are too injured to fight recklessly!
You are too injured to fight recklessly!
You are too injured to fight recklessly!
You are too injured to fight recklessly!
You are too injured to fight recklessly!
You are too injured to fight recklessly!
You are too injured to fight recklessly!
You are too injured to fight recklessly!
You are too injured to fight recklessly!
You are too injured to fight recklessly!
Aiming: Throw Flame
Press: ? - help, Shift-Dir - straight line, f/p - freezing wraith
Aim: a freezing wraith (heavily damaged, 74% to hit)
The puff of flame misses the freezing wraith.
You block the freezing wraith's attack.
The freezing wraith hits you but does no damage.
Aiming: Throw Flame
Press: ? - help, Shift-Dir - straight line, f/p - freezing wraith
Aim: a freezing wraith (heavily damaged, 74% to hit)
The puff of flame hits the freezing wraith but does no damage.
The freezing wraith is heavily damaged.
You block the freezing wraith's attack. The freezing wraith closely misses you.
The freezing wraith hits you. The freezing wraith freezes you!!
* * * LOW HITPOINT WARNING * * *
The freezing wraith misses you.
Aiming: Throw Flame
Press: ? - help, Shift-Dir - straight line, f/p - freezing wraith
Aim: a freezing wraith (heavily damaged, 74% to hit)
The puff of flame hits the freezing wraith!
The freezing wraith is burned terribly!
The freezing wraith is severely damaged.
The freezing wraith barely misses you. You block the freezing wraith's attack.
You feel better. The freezing wraith hits you!
* * * LOW HITPOINT WARNING * * *
The freezing wraith freezes you!
You die...

##..# ##.##.# #..#####.##.#
#...........# #.######<####
### #.# #.# #.. ##.######.#
#.# #.......#.# #.#
#..####.#.#########.# #
...###....##...W@.#.# ##.#
....†.....##.####.#.###~≈~~≈
...###...###.# #......~#
....###.## #.# ##.....≈# ∆
....# #.# #.# #..###≈#∆∆∆
#...# #.# #.# #..# # ....#
#.# #.# #..# ##..# #.# #.#
#..# #..###.####.#####..#


You could see a freezing wraith.

Vanquished Creatures
  Fannar (D:10)
  A two-headed ogre (D:10)
  Psyche (D:8)
  A komodo dragon (D:10)
  2 trolls (D:10)
  A hornet (D:9)
  5 yaks (D:10)
  4 steam dragons
  A water moccasin (D:5)
  4 black bears
  2 ice beasts
  6 orc warriors
  An ogre (D:5)
  4 centaurs
  A phantom (D:6)
  3 kobold brigands
  A gnoll sergeant (D:9)
  A necrophage (D:8)
  5 bullfrogs
  2 scorpions
  12 wights
  6 killer bees (D:9)
  A howler monkey (D:5)
  2 vampire bats (D:3)
  2 jellies (D:6)
  8 orc priests
  2 hounds
  Ijyb (D:5)
  2 iguanas
  8 orc wizards
  6 gnolls
  10 adders
  2 white imps
  A worm (D:2)
  3 dart slugs
  55 orcs
  2 ball pythons (Sewer)
  4 endoplasms
  3 giant cockroaches
  5 goblins
  7 hobgoblins
  2 jackals (D:1)
  21 kobolds
  8 quokkas
  9 bats
  18 frilled lizards
  9 rats
256 creatures vanquished.

Vanquished Creatures (others)
  A kobold (D:3)
  A fungus (D:8)
2 creatures vanquished.

Grand Total: 258 creatures vanquished

Notes
Turn   | Place    | Note
-------+----------+-------------------------------------------
     0 | D:1      | epen the Gnoll Wanderer began the quest for the Orb.
     0 | D:1      | epen set off with the following items: a +0 dagger, a +0
                  | helmet, a scroll of teleportation, a +0 robe, a +2 buckler;
                  | and the following spell memorised: Freeze; and the
                  | following spells available to memorise: Frozen Ramparts.
     0 | D:1      | Reached XP level 1. HP: 13/13 MP: 6/6
   157 | D:1      | Reached XP level 2. HP: 19/19 MP: 4/7
   443 | D:1      | Reached skill level 5 in Spellcasting
   443 | D:1      | Reached XP level 3. HP: 25/25 MP: 7/9
   447 | D:1      | Learned a level 3 spell: Frozen Ramparts
   624 | D:1      | Reached skill level 1 in Invocations
   972 | D:2      | Reached skill level 1 in Fighting
   972 | D:2      | Reached skill level 1 in Short Blades
   972 | D:2      | Reached skill level 1 in Long Blades
   972 | D:2      | Reached skill level 1 in Axes
   972 | D:2      | Reached skill level 1 in Maces & Flails
   972 | D:2      | Reached skill level 1 in Polearms
   972 | D:2      | Reached skill level 1 in Staves
   972 | D:2      | Reached skill level 1 in Ranged Weapons
   972 | D:2      | Reached skill level 1 in Throwing
   972 | D:2      | Reached skill level 1 in Stealth
   972 | D:2      | Reached skill level 1 in Unarmed Combat
   972 | D:2      | Reached skill level 1 in Evocations
  1335 | D:2      | Reached XP level 4. HP: 13/32 MP: 9/11
  1616 | D:3      | Reached skill level 1 in Conjurations
  1616 | D:3      | Reached skill level 1 in Hexes
  1616 | D:3      | Reached skill level 1 in Summonings
  1616 | D:3      | Reached skill level 1 in Necromancy
  1616 | D:3      | Reached skill level 1 in Translocations
  1616 | D:3      | Reached skill level 1 in Transmutations
  1616 | D:3      | Reached skill level 1 in Fire Magic
  1616 | D:3      | Reached skill level 1 in Air Magic
  1616 | D:3      | Reached skill level 1 in Earth Magic
  1616 | D:3      | Reached skill level 1 in Poison Magic
  1847 | D:3      | Reached XP level 5. HP: 37/37 MP: 12/12
  2119 | D:3      | Found a burning altar of Makhleb.
  2121 | D:3      | Found a stormy altar of Qazlal.
  2200 | D:3      | Found a bloodstained altar of Trog.
  2222 | D:3      | Reached XP level 6. HP: 44/44 MP: 13/13
  2372 | D:4      | Found a runed translucent gate.
  2372 | D:4      | Found a runed translucent gate.
  2372 | D:4      | Found a runed translucent gate.
  2373 | D:4      | Noticed CaliBri's ghost (amateur DsGl)
  2469 | D:4      | Noticed a black bear
  2483 | D:4      | Killed a black bear
  2653 | D:4      | Reached skill level 7 in Shields
  2653 | D:4      | Reached XP level 7. HP: 48/50 MP: 11/15
  2873 | D:4      | Found a shimmering blue altar of Sif Muna.
  2930 | D:4      | Found a snail-covered altar of Cheibriados.
  2940 | D:4      | Became a worshipper of Cheibriados the Contemplative
  3361 | D:5      | Entered Level 5 of the Dungeon
  3361 | D:5      | Found a staircase to the Ecumenical Temple.
  3441 | D:5      | Noticed Ijyb
  3473 | D:5      | Found Woqobb's Weapon Emporium.
  3494 | D:5      | Reached XP level 8. HP: 25/58 MP: 4/16
  3506 | D:5      | Found a glowing drain.
  3526 | Sewer    | Entered a sewer
  3739 | Sewer    | Reached * piety under Cheibriados
  4026 | D:5      | Found a runed translucent door.
  4030 | D:5      | Noticed adozu's ghost (novice DrVM)
  4181 | D:5      | Killed Ijyb
  4449 | D:5      | Found a sparkling altar of Nemelex Xobeh.
  4808 | D:6      | Identified the +3 scale mail of a sewer {Will+}
  5040 | D:6      | Reached XP level 9. HP: 43/65 MP: 18/18
  5047 | D:6      | Reached ** piety under Cheibriados
  5357 | D:6      | Reached skill level 5 in Armour
  5357 | D:6      | Reached skill level 5 in Dodging
  6244 | D:7      | Reached skill level 8 in Shields
  6427 | D:7      | Reached skill level 5 in Invocations
  6868 | D:8      | Reached *** piety under Cheibriados
  7153 | D:8      | Noticed Psyche
  7165 | D:8      | Killed Psyche
  7166 | D:8      | Reached skill level 5 in Fighting
  7166 | D:8      | Reached skill level 5 in Short Blades
  7166 | D:8      | Reached skill level 5 in Long Blades
  7166 | D:8      | Reached skill level 5 in Axes
  7166 | D:8      | Reached skill level 5 in Maces & Flails
  7166 | D:8      | Reached skill level 5 in Polearms
  7166 | D:8      | Reached skill level 5 in Staves
  7166 | D:8      | Reached skill level 5 in Ranged Weapons
  7166 | D:8      | Reached skill level 5 in Throwing
  7166 | D:8      | Reached skill level 5 in Stealth
  7166 | D:8      | Reached skill level 5 in Unarmed Combat
  7166 | D:8      | Reached skill level 5 in Evocations
  7166 | D:8      | Reached XP level 10. HP: 74/74 MP: 20/20
  8254 | D:9      | Reached **** piety under Cheibriados
  8820 | D:9      | Paralysed by a hornet for 2 turns
  9238 | D:10     | Entered Level 10 of the Dungeon
  9500 | D:10     | Noticed a two-headed ogre
  9506 | D:10     | Killed a two-headed ogre
  9552 | D:10     | Found a staircase to the Lair.
  9659 | D:10     | Found a staircase to the Orcish Mines.
  9661 | D:10     | Found Jyorcho's Armour Shoppe.
  9661 | D:10     | Noticed Fannar
  9665 | D:10     | Reached ***** piety under Cheibriados
  9669 | D:10     | Reached skill level 9 in Shields
  9672 | D:10     | Reached skill level 5 in Conjurations
  9672 | D:10     | Reached skill level 5 in Hexes
  9672 | D:10     | Reached skill level 5 in Summonings
  9672 | D:10     | Reached skill level 5 in Necromancy
  9672 | D:10     | Reached skill level 5 in Translocations
  9672 | D:10     | Reached skill level 5 in Transmutations
  9672 | D:10     | Reached skill level 5 in Fire Magic
  9672 | D:10     | Reached skill level 5 in Air Magic
  9672 | D:10     | Reached skill level 5 in Earth Magic
  9672 | D:10     | Reached skill level 5 in Poison Magic
  9683 | D:10     | HP: 1/76 [Fannar/bolt of cold (10)]
  9687 | D:10     | Killed Fannar
  9688 | D:10     | Reached XP level 11. HP: 14/81 MP: 19/23
 10085 | D:10     | Slain by a freezing wraith

Illustrated notes

Levels and vault maps discovered:
D:1:      dpeg_cavernosity, layout_rooms, minmay_ruptured
D:2:      layout_basic, minmay_lizard_pond
D:3:      layout_rooms, trog_butcher_becter, nicolae_overflow_hidden_temple,
          roderic_batcave, minmay_misc_feat_room, serial_bayou_pond_e
D:4:      layout_gridville, grunt_temple_overflow_open,
          gammafunk_ghost_nasty_kobolds
D:5:      layout_rooms, nemelex_diamond_rough_becter,
          minmay_temple_entry_statues_fountains, hellmonk_ghost_happy_afterlife,
          portal_sewer_entry_d, serial_shops, nicolae_shop_bloodbath_and_beyond,
          minmay_misc_feat_iff, uniq_ijyb
D:6:      layout_basic
D:7:      layout_basic
D:8:      kennysheep_steamy, layout_basic, unseen_surprise_small, uniq_psyche
D:9:      layout_cave_pools
D:10:     layout_loops_ring, dpeg_oklobed_lair, orc_david_3, minmay_orc_keep,
          uniq_fannar

Skill      XL: |  1  2  3  4  5  6  7  8  9 10 |
---------------+-------------------------------+-----
Spellcasting   | 5 6 7 8 |  8.1
Invocations    | 1 2 3 4 5 6 |  6.9
Fighting       | 1 2 3 5 6 |  6.3
Short Blades   | 1 2 3 5 6 |  6.3
Long Blades    | 1 2 3 5 6 |  6.3
Axes           | 1 2 3 5 6 |  6.3
Maces & Flails | 1 2 3 5 6 |  6.3
Polearms       | 1 2 3 5 6 |  6.3
Staves         | 1 2 3 5 6 |  6.3
Ranged Weapons | 1 2 3 5 6 |  6.3
Throwing       | 1 2 3 5 6 |  6.3
Stealth        | 1 2 3 5 6 |  6.3
Unarmed Combat | 1 2 3 5 6 |  6.3
Evocations     | 1 2 3 5 6 |  6.3
Conjurations   | 1 2 3 4 5 |  5.2
Hexes          | 1 2 3 4 5 |  5.2
Summonings     | 1 2 3 4 5 |  5.2
Necromancy     | 1 2 3 4 5 |  5.2
Translocations | 1 2 3 4 5 |  5.2
Transmutations | 1 2 3 4 5 |  5.2
Fire Magic     | 1 2 3 4 5 |  5.2
Air Magic      | 1 2 3 4 5 |  5.2
Earth Magic    | 1 2 3 4 5 |  5.2
Poison Magic   | 1 2 3 4 5 |  5.2
Armour         | 3 4 5 6 |  6.9
Dodging        | 3 4 5 6 |  6.9
Shields        | 7 8 9 |  9.2
Ice Magic      | 6 7 |  7.7

Action                     |  1- 3 |  4- 6 |  7- 9 | 10-12 || total
---------------------------+-------+-------+-------+-------++-------
  Melee: Dagger            |   119 |    88 |       |       ||   207
         Bite              |    16 |    14 |    36 |    22 ||    88
         Short sword       |       |    38 |       |       ||    38
         Trident           |       |     5 |   325 |   217 ||   547
   Cast: Freeze            |    13 |     4 |     4 |       ||    21
         Frozen Ramparts   |       |     4 |     9 |    12 ||    25
  Evoke: Wand              |       |       |    15 |     6 ||    21
         Lightning rod     |       |       |       |     4 ||     4
    Use: Scroll            |       |     9 |     2 |     9 ||    20
         Potion            |       |       |     4 |     5 ||     9
   Stab: Sleeping          |     2 |     5 |     2 |     3 ||    12
         Paralysed         |       |       |     5 |       ||     5
         Distracted        |       |       |     1 |       ||     1
 Armour: Robe              |    27 |    60 |    33 |       ||   120
         Scale mail        |       |       |    84 |    63 ||   147
  Dodge: Dodged            |    56 |    90 |   154 |   124 ||   424
  Block: Buckler           |    45 |    57 |   177 |   114 ||   393

Table legend: (Time is in decaauts)
 A = Elapsed time spent in this place.
 B = Non-inter-level travel time spent in this place.
 C = Inter-level travel time spent in this place.
 D = Time resting spent in this place.
 E = Time spent auto-exploring this place.
 F = Levels seen in this place.
 G = Mean time per level.
                   A        B        C        D        E       F      G
               +--------+--------+--------+--------+--------+-----+--------+
         Total |  12384 |  11998 |    386 |    677 |   9380 |  11 | 1125.8 |
       Dungeon |  11823 |  11437 |    386 |    677 |   8934 |  10 | 1182.3 |
         Sewer |    560 |    560 |      0 |      0 |    445 |   1 |  560.0 |
               +--------+--------+--------+--------+--------+-----+--------+

Top non-repeatable levels by time:
     D:8: 2086 daAuts
     D:6: 1548 daAuts
     D:9: 1370 daAuts
     D:7: 1354 daAuts
     D:4: 1144 daAuts
    D:10: 1092 daAuts
     D:5: 909 daAuts
     D:1: 844 daAuts
     D:2: 748 daAuts
     D:3: 727 daAuts
   Sewer: 560 daAuts
